 Dungeon Crawl Stone Soup version 0.28.0-1-gb440e238dd (webtiles) character file.

Game seed: 10283042832879028999

13 Hasart the Insei (level 2, -2/18 HPs)
             Began as an Octopode Transmuter on Feb 19, 2022.
             Slain by a kobold (3 damage)
             ... on level 1 of the Dungeon.
             The game lasted 00:00:38 (497 turns).

Hasart the Insei (Octopode Transmuter)               Turns: 497, Time: 00:00:38

Health: -2/18      AC:  1    Str:  9    XL:     2   Next: 37%
Magic:  5/5        EV: 13    Int: 15    God:
Gold:   13         SH:  0    Dex: 12    Spells: 4/5 levels left

rFire   . . .      SeeInvis .     - Unarmed
rCold   . . .      Faith    .   (no shield)
rNeg    . . .      Spirit   .   (helmet restricted)
rPois   .          Reflect  .   (no amulet)
rElec   .          Harm     .   (no ring)
rCorr   .          Rampage  .   (no ring)
Will    .....                   (no ring)
Stlth   ++........              (no ring)
HPRegen 0.06/turn               (no ring)
MPRegen 0.09/turn               (no ring)
                                (no ring)
                                (no ring)

@: no status effects
A: almost no armour, amphibious, 8 rings, camouflage 1, gelatinous body 1,
(nimble swimmer 1), tentacles
a: no special abilities


You were on level 1 of the Dungeon.
You visited 1 branch of the dungeon, and saw 1 of its levels.

You collected 13 gold pieces.

Inventory:

Scrolls
 a - a scroll of identify {unknown}
Potions
 b - a potion of flight {unknown}


   Skills:
 + Level 1.3 Fighting
 + Level 2.1 Dodging
 * Level 3.2 Unarmed Combat
 + Level 2.1 Spellcasting
 + Level 2.2 Transmutations


You had 4 spell levels left.
You knew the following spells:

 Your Spells              Type           Power      Damage    Failure   Level
a - Beastly Appendage     Tmut           16%        N/A       9%          1

Your spell library contained the following spells:

 Spells                   Type           Power      Damage    Failure   Level
 Wereblood                Tmut           8%         N/A       13%         2
 Animate Skeleton         Necr           2%         N/A       22%         1
 Pain                     Necr           4%         1d4       22%         1
 Spider Form              Tmut/Pois      4%         N/A       38%         3
 Vampiric Draining        Necr           1%         2d6       54%         3
 Ice Form                 Ice/Tmut       4%         N/A       80%         4


Dungeon Overview and Level Annotations

Branches:
Dungeon (1/15)

Altars:


Innate Abilities, Weirdness & Mutations

You cannot wear most types of armour.
You are amphibious.
You can wear up to eight rings at the same time.
Your skin changes colour to match your surroundings (Stealth+).
Your rubbery body absorbs attacks. (AC +1, EV +1)
((You are camouflaged when in or above water. (Stealth+)))
You have tentacles for arms and can constrict up to eight enemies at once.


Message History

There is an open door here.
A hobgoblin comes into view.
A hobgoblin is nearby!
The hobgoblin barely misses you. The hobgoblin closely misses you.
You tentacle-slap the hobgoblin. You grab the hobgoblin.
You squeeze the hobgoblin.
You kill the hobgoblin!
Unknown command.
A kobold comes into view. It is wielding a +0 short sword.
A kobold is nearby!
The kobold shouts!
The kobold completely misses you.
You tentacle-slap the kobold. You grab the kobold.
The kobold is heavily wounded.
You constrict the kobold, but do no damage.
The kobold barely misses you.
Unknown command.
You release your grip on the kobold.
The kobold barely misses you.
The kobold hits you with a +0 short sword.
The kobold closely misses you. The kobold closely misses you.
The kobold misses you.
The kobold hits you with a +0 short sword.
The kobold hits you but does no damage. The kobold completely misses you.
The kobold closely misses you.
The kobold hits you with a +0 short sword.
The kobold misses you. The kobold closely misses you.
The kobold closely misses you. The kobold barely misses you.
The kobold hits you with a +0 short sword.
* * * LOW HITPOINT WARNING * * *
The kobold misses you.
The kobold hits you with a +0 short sword.
* * * LOW HITPOINT WARNING * * *
The kobold hits you with a +0 short sword.
You die...

##............#
#.##########.# #.#
#.# ##'## #.#
#...## ##.####
.....## #...#.##
......## ##......#
.......####....#.##
..†....'.......#@#
.......####...##K#
......## ##.###.#
.....## ### #.#
#...## #.# ##+##
#.# #.# ..# .##


You could see a kobold.

Vanquished Creatures
  2 endoplasms (D:1)
  2 goblins (D:1)
  3 hobgoblins (D:1)
  A quokka (D:1)
  A frilled lizard (D:1)
  2 rats (D:1)
11 creatures vanquished.

Notes
Turn   | Place    | Note
-------+----------+-------------------------------------------
     0 | D:1      | Hasart the Octopode Transmuter began the quest for the Orb.
     0 | D:1      | Reached XP level 1. HP: 13/13 MP: 3/3
   136 | D:1      | Found a faded altar of an unknown god.
   170 | D:1      | Reached XP level 2. HP: 18/18 MP: 5/5
   497 | D:1      | Slain by a kobold

Illustrated notes

Levels and vault maps discovered:
D:1:      kennysheep_arrival_seaside, layout_loops_corners,
          basic_ecumenical_altar, serial_bayou_pond_e

Action                   || total
-------------------------++-------
Melee: Unarmed           ||    22
       Constrict         ||     8
       Tentacles         ||     5
       Punch             ||     1
Armor: Skin              ||     2
Dodge: Dodged            ||    23
